 Dungeon Crawl Stone Soup version 0.29-a0-885-gb26ba3297d (webtiles) character file.

Game seed: 10103231026651461933

42 Mesmaeker13 the Stinger (level 3, 0/24 HPs)
             Began as a Formicid Venom Mage on July 20, 2022.
             Slain by a worm (7 damage)
             ... on level 2 of the Dungeon.
             The game lasted 00:01:51 (1663 turns).

Mesmaeker13 the Stinger (Formicid Venom Mage)       Turns: 1663, Time: 00:01:52

Health: 0/24       AC:  2    Str: 12    XL:     3   Next: 80%
Magic:  1/7        EV: 12    Int: 16    God:
Gold:   55         SH:  0    Dex: 14    Spells: 4/7 levels left

rFire   . . .      SeeInvis +   e - +0 mace
rCold   . . .      Faith    .   (no shield)
rNeg    . . .      Spirit   .   a - +0 robe
rPois   .          Reflect  .   (helmet unavailable)
rElec   .          Harm     .   (no cloak)
rCorr   .          Rampage  .   (no gloves)
Will    .....                   (no boots)
Stlth   ++........              (no amulet)
HPRegen 0.08/turn               (no ring)
MPRegen 0.10/turn               (no ring)

@: no status effects
A: permanent stasis, dig shafts and tunnels, antennae 3, four strong arms
a: Dig, Shaft Self


You were on level 2 of the Dungeon.
You visited 1 branch of the dungeon, and saw 2 of its levels.

You collected 55 gold pieces.

Inventory:

Hand Weapons
 e - a +0 mace (weapon)
Missiles
 g - 2 poisoned darts
 l - 5 curare-tipped darts
Armour
 a - a +0 robe (worn)
 f - a +0 ring mail
Scrolls
 c - a scroll of poison {unknown}
 h - a scroll of identify {unknown}
 i - a scroll of enchant armour {unknown}
 j - a scroll of amnesia {unknown}
 m - a scroll of fog {unknown}
Potions
 b - a potion of magic
 d - a potion of might {unknown}
 k - a potion of curing {unknown}
 n - a potion of attraction {unknown}


   Skills:
 - Level 1.7 Dodging
 - Level 2.4 Stealth
 + Level 2.8 Spellcasting
 + Level 2.2 Transmutations
 + Level 0.0 Air Magic
 + Level 4.7 Poison Magic


You had 4 spell levels left.
You knew the following spells:

 Your Spells              Type           Power      Damage    Failure   Level
a - Sting                 Tmut/Pois      52%        1d5       4%          1
b - Poisonous Vapours     Pois/Air       20%        N/A       11%         2

Your spell library contained the following spells:

 Spells                   Type           Power      Damage    Failure   Level
 Foxfire                  Conj/Fire      8%         2x1d4     19%         1
 Olgreb's Toxic Radiance  Pois           17%        N/A       26%         4
 Mephitic Cloud           Conj/Pois/Air  7%         N/A       30%         3
 Conjure Flame            Conj/Fire      2%         6-21      50%         3
 Inner Flame              Hex/Fire       2%         N/A       50%         3
 Flame Wave               Conj/Fire      2%         2d4       88%         4


Dungeon Overview and Level Annotations

Branches:
Dungeon (2/15)

Altars:


Innate Abilities, Weirdness & Mutations

You cannot be hasted, slowed, berserked, paralysed or teleported.
You can dig through walls and to a lower floor.
You have a pair of large antennae on your head. (SInv)
Your four strong arms can wield two-handed weapons with a shield.


Message History

Aiming: Sting (safe; 4% risk of failure)
Press: ? - help, Shift-Dir - straight line, f - rat
Aim: a rat (71% to hit)
The sting hits the rat.
The rat is poisoned.
The rat is heavily wounded.
The rat bites you.
You closely miss the rat.
The rat is heavily wounded.
The rat barely misses you.
You hit the rat.
You kill the rat!
You see here a rat corpse.
Casting: Sting (safe; 4% risk of failure)
Confirm with . or Enter, or press ? or * to list all spells.
You can't see any susceptible monsters within range! (Use Z to cast anyway.)
Casting: Sting (safe; 4% risk of failure)
Confirm with . or Enter, or press ? or * to list all spells.
Aiming: Sting (safe; 4% risk of failure)
Press: ? - help, Shift-Dir - straight line, f - worm
Aim: a worm (90% to hit)
The sting hits the worm.
The worm is poisoned.
The worm is lightly wounded.
Casting: Sting (safe; 4% risk of failure)
Confirm with . or Enter, or press ? or * to list all spells.
Aiming: Sting (safe; 4% risk of failure)
Press: ? - help, Shift-Dir - straight line, f/p - worm
Aim: a worm (lightly wounded, poisoned, 90% to hit)
The sting hits the worm.
The worm looks even sicker.
The worm is lightly wounded.
You barely miss the worm.
The worm is lightly wounded.
The worm bites you.
You hit the worm.
The worm is heavily wounded.
The worm bites you!
* * * LOW HITPOINT WARNING * * *
You hit the worm.
The worm is severely wounded.
The worm bites you!
You die...

######## #......#
#########......##########
........'......†@........
######.##......##w....##
.#......+...)...+...?....
.#.###.##......##.......#
.#.# #.##......##.....#.#
.#.# #.##########........
.#.# #.# ###.#..=. ...#
#.# .#.... .### #.# .#
...


You could see a worm (poisoned).

Vanquished Creatures
  3 dart slugs
  A ball python (D:1)
  2 bats (D:2)
  2 endoplasms (D:1)
  5 giant cockroaches
  4 hobgoblins
  4 kobolds
  3 quokkas
  A frilled lizard (D:1)
  3 goblins (D:1)
  3 rats
31 creatures vanquished.

Vanquished Creatures (others)
  5 plants
5 creatures vanquished.

Grand Total: 36 creatures vanquished

Notes
Turn   | Place    | Note
-------+----------+-------------------------------------------
     0 | D:1      | Mesmaeker13 the Formicid Venom Mage began the quest for the
                  | Orb.
     0 | D:1      | Reached XP level 1. HP: 13/13 MP: 3/3
    77 | D:1      | Reached XP level 2. HP: 17/19 MP: 1/5
   600 | D:1      | Reached XP level 3. HP: 24/24 MP: 2/6
  1482 | D:2      | Learned a level 2 spell: Poisonous Vapours
  1663 | D:2      | Slain by a worm

Illustrated notes

Levels and vault maps discovered:
D:1:      tarquinn_simple_flora_water_b, layout_loops_ring,
          grunt_decor_arrowhead, st_stairs_2
D:2:      layout_basic, serial_bayou_lagoon_a

Skill      XL: |  1  2  3 |
---------------+----------+-----
Transmutations | 2 |  2.2
Dodging        | |  1.7
Stealth        | |  2.4
Spellcasting   | |  2.8
Poison Magic   | |  4.7

Action                   || total
-------------------------++-------
Melee: Unarmed           ||     7
       Mace              ||    21
 Cast: Sting             ||    54
Armor: Robe              ||     7
Dodge: Dodged            ||    22

Table legend: (Time is in decaauts)
 A = Elapsed time spent in this place.
 B = Non-inter-level travel time spent in this place.
 C = Inter-level travel time spent in this place.
 D = Time resting spent in this place.
 E = Time spent auto-exploring this place.
 F = Levels seen in this place.
 G = Mean time per level.
                   A        B        C        D        E       F      G
               +--------+--------+--------+--------+--------+-----+--------+
         Total |   1670 |   1664 |      6 |    261 |   1137 |   2 |  835.0 |
       Dungeon |   1670 |   1664 |      6 |    261 |   1137 |   2 |  835.0 |
               +--------+--------+--------+--------+--------+-----+--------+

Top non-repeatable levels by time:
     D:1: 1434 daAuts
     D:2: 235 daAuts
